cohdb
Replays
Latest Replays
All Replays
Popular Replays
Top Player Replays
Match Explorer
How It Works
Community
CoH3 Stats
Reddit
Sign in to upload your games and track your stats! →
Sign in with Steam
Match 42619201
Unlisted
Match 42619201
Overview
Messages
Build Orders
End
Kradschützen Motorcycle Team
Selects Italian Combined Arms Battlegroup
Selects Bersaglieri Squad
Bersaglieri Squad
Bersaglieri Squad
Construct Light Support Kompanie
Fire Support Elements
Bersaglieri Squad
Selects Bersaglieri Bolster
Flakvierling Half-track
2.5-tonne Medical Truck
Panzerjäger Mechanized Group
Vehicle Survival Package
Selects Breda Model 30 Light Machine Guns
Panzerpioneer Squad
Construct Panzerarmee Kommand
Pak 38 Mechanized Group
Walking Stuka Rocket Launcher
Selects Semovente da 75/18 Assault Gun
Selects Strafing Run
Bersaglieri Squad
Walking Stuka Rocket Launcher
Selects Artillery Cover
Pak 38 Mechanized Group
jessyjames
|_THUNDER_|
Kenan
NotQuiteAKing
0
0
Comments
sign in to comment!
No comments posted yet!